 Dungeon Crawl Stone Soup version 0.18.1-8-gdd0e5ea (webtiles) character file.

556078 manyhoops the Conqueror (level 27, -16/249 HPs)
             Began as a Formicid Fighter on May 21, 2016.
             Was the Champion of Makhleb.
             Killed from afar by an ancient lich (73 damage)
             ... with a crystal spear
             ... on level 9 of a ziggurat.
             The game lasted 03:14:33 (52066 turns).

manyhoops the Conqueror (Formicid Fighter)         Turns: 52066, Time: 03:14:34

Health: -16/249    AC: 45    Str: 43    XL:     27
Magic:  33/33      EV:  9    Int:  7    God:    Makhleb [******]
Gold:   3078       SH: 26    Dex:  7    Spells: 0 memorised, 26 levels left

rFire  . . .     SeeInvis +     t - +8 frozen axe "Frostbite" {freezing cloud, *Noise +Fly rC+}
rCold  + . .     Gourm    .     b - +9 plate armour "Jeokk" {rElec rN++ Regen+ Dex-3}
rNeg   + + +     Faith    .     n - +2 large shield
rPois  +         Spirit   .     (helmet unavailable)
rElec  +         Dismiss  +     P - +2 cloak {MR+}
rCorr  +         Reflect  .     m - +2 pair of gloves {Str+3}
SustAt .         Harm     .     F - +0 pair of boots of Lilacs {rCorr Str+4}
MR     ++++.                    a - amulet of Seteesm {Dismiss rN+ MR+ Int-4}
Stlth  ..........               H - +5 ring of protection
                                k - ring "Xooqiy" {+Fly rPois rN+ Dex+2}

@: mighty, flayed, incredibly resistant to hostile enchantments, extremely
unstealthy
A: permanent stasis, dig shafts and tunnels, four strong arms, antennae 3, slimy
green scales 1, blurry vision 1, clumsy 1
a: Dig, Shaft Self, Minor Destruction, Lesser Servant of Makhleb, Major
Destruction, Greater Servant of Makhleb, Renounce Religion, Evoke Flight
}: 4/15 runes: barnacled, silver, abyssal, gossamer


You were on level 9 of a ziggurat.
You worshipped Makhleb.
Makhleb was exalted by your worship.
You were not hungry.

You visited 9 branches of the dungeon, and saw 45 of its levels.
You visited the Abyss 2 times.
You visited 1 ziggurat, and saw 9 of its levels.
You also visited: Sewer.

You collected 7471 gold pieces.
You spent 4393 gold pieces at shops.

Inventory:

Hand Weapons
 q - a +1 executioner's axe of flaming
 t - the +8 frozen axe "Frostbite" (weapon) {freezing cloud, *Noise +Fly rC+}
   (You found it on level 5 of a ziggurat)

   It has been specially enchanted to freeze those struck by it, causing extra
   injury to most foes and up to half again as much damage against particularly
   susceptible opponents.
   It can also slow down cold-blooded creatures.
   It protects you from cold.
   It lets you fly.
   It may make noises in combat.
 N - a +3 battleaxe of chopping
Armour
 b - the +9 plate armour "Jeokk" (worn) {rElec rN++ Regen+ Dex-3}
   (You bought it in a shop on level 2 of the Orcish Mines)

   It affects your dexterity (-3).
   It insulates you from electricity.
   It greatly protects you from negative energy.
   It increases your rate of regeneration.
 m - a +2 pair of gloves of strength (worn)
 n - a +2 large shield (worn)
 F - the +0 pair of boots of Lilacs (worn) {rCorr Str+4}
   (You bought it in a shop on level 2 of the Elven Halls)

   It affects your strength (+4).
   It protects you from acid and corrosion.
 P - a +2 cloak of magic resistance (worn)
Jewellery
 a - the amulet of Seteesm (around neck) {Dismiss rN+ MR+ Int-4}
   (You found it on level 6 of a ziggurat)

   [amulet of dismissal]

   It may teleport away creatures that harm you.
   It affects your intelligence (-4).
   It protects you from negative energy.
   It affects your resistance to hostile enchantments.
 k - the ring "Xooqiy" (left hand) {+Fly rPois rN+ Dex+2}
   (You bought it in a shop on level 2 of the Orcish Mines)

   [ring of dexterity]

   It affects your dexterity (+2).
   It protects you from poison.
   It protects you from negative energy.
   It lets you fly.
 H - a +5 ring of protection (right hand)
 I - the ring of Trepidation {rC+ Dex+2}
   (You took it off a deep elf high priest on level 3 of the Elven Halls)

   [ring of protection from cold]

   It affects your dexterity (+2).
   It protects you from cold.
 K - a +6 amulet of reflection
Wands
 C - a wand of paralysis (5/24)
 D - a wand of iceblast (3/15)
 M - a wand of heal wounds (7/9)
 U - a wand of disintegration (9/24)
 X - a wand of acid (11/15)
 Z - a wand of slowing (16/48)
Scrolls
 g - 26 scrolls of remove curse
 i - 13 scrolls of fog
 j - 12 scrolls of recharging
 l - a scroll of torment
 p - a scroll of holy word
 u - a scroll of enchant weapon
 v - 4 scrolls of enchant armour
 x - 5 scrolls of noise
 z - 4 scrolls of magic mapping
 B - 4 scrolls of fear
 J - 3 scrolls of identify
 L - 5 scrolls of vulnerability
 R - 3 scrolls of summoning
Potions
 e - a potion of cure mutation
 f - 2 potions of cancellation
 h - 8 potions of flight
 r - 5 potions of invisibility
 s - 3 potions of resistance
 A - 18 potions of curing
 E - a potion of might
 Q - 6 potions of ambrosia
 W - 5 potions of magic
 Y - 4 potions of brilliance
Books
 o - the Almanac of Unstable Poisoning
   (You found it on level 6 of a ziggurat)

   Spells                             Type                      Level
   a - Cure Poison                    Poison                       2
   b - Spider Form                    Transmutation/Poison         3
   c - Ice Form                       Ice/Transmutation            4
   d - Petrify                        Transmutation/Earth          4
   e - Dragon Form                    Transmutation                7
 w - a book of Summonings

   Spells                             Type                      Level
   a - Recall                         Summoning/Translocation      3
   b - Aura of Abjuration             Summoning                    5
   c - Summon Demon                   Summoning                    5
   d - Summon Forest                  Summoning/Translocation      5
   e - Summon Mana Viper              Hexes/Summoning              5
   f - Shadow Creatures               Summoning                    6
Miscellaneous
 c - a box of beasts
 O - a lamp of fire
 T - 2 phantom mirrors
Comestibles
 d - a beef jerky
 G - 25 bread rations
 S - a slice of pizza
 V - 3 royal jellies


   Skills:
 O Level 27 Fighting
 + Level 22.0 Axes
 - Level 21.9 Armour
 - Level 16.2 Shields
 - Level 14.4 Invocations
 - Level 5.4 Evocations


You had 26 spell levels left.
You didn't know any spells.

Dungeon Overview and Level Annotations

Branches:
Dungeon (15/15)            Temple (0/1) D:7            Lair (8/8) D:9
 Shoals (4/4) Lair:3       Spider (4/4) Lair:4        Slime (0/6) Lair:7
    Orc (2/2) D:9             Elf (3/3) Orc:2        Vaults (5/5) D:13
  Crypt (3/3) Vaults:3       Tomb (0/3) Crypt:3      Depths (1/5) D:15

Altars:
Ashenzari
Dithmenos
Elyvilon
Fedhas
Gozag
Kikubaaqudgha
Makhleb
Nemelex Xobeh
Okawaru
Pakellas
Ru
Sif Muna
Trog
Vehumet
Yredelemnul
Zin
The Shining One
Beogh

Shops:
D:5 }   D:12 =   D:15 ?   Orc:2 *}[=   Elf:1 [   Elf:2 [   Shoals:1 *
Vaults:1 (   Vaults:4 *

Portals:
Hell: Lair:8
Trove: D:12 (give +2 fire dragon armour)

Annotations:
D:4 Eustachio
D:5 Duvessa
Lair:7 exclusion: 3 oklob plants


Innate Abilities, Weirdness & Mutations

You are under a permanent stasis effect.
You can dig through walls and to a lower floor.
Your four strong arms can wield two-handed weapons with a shield.
You have a pair of large antennae on your head (SInv).
You are partially covered in slimy green scales (AC +2).
Scrolls take you a little longer to read.
You are clumsy. (Dex -2)


Message History

The eidolon hits your cacodemon.
The eidolon drains your cacodemon's vigour!
Your cacodemon seems to slow down.
The eidolon hits your cacodemon.
Unknown command.
You slice the flayed ghost!! You freeze the flayed ghost!
The flayed ghost is severely damaged.
You slice the phantasmal warrior like a ripe choko!!!
You freeze the phantasmal warrior.
The phantasmal warrior is almost destroyed.
You barely miss the ancient lich.
The ancient lich is heavily damaged.
You open the wraith like a pillowcase!!!
You freeze the wraith.
You destroy the wraith!
You hit the wraith but do no damage.
You are engulfed in freezing vapours.
You resist. The lich closely misses your cacodemon.
The ancient lich casts a spell at you. The crystal spear hits you!
You die...

▓▓▓▓▓▓▓▓▓▓▓
▓▓.........▓▓
▓▓...........▓▓
▓▓......z.....$▓▓
▓▓.....#...#L..!?▓▓
▓▓........WW.W..|!∩▓
▓.∩........@L§..}?>[▓
▓▓.........W2L..($∩▓▓
▓▓.....#...#W..))▓▓
▓▓.........V...▓▓
▓▓...........▓▓
▓▓.........▓▓
▓▓▓▓▓▓▓▓▓▓▓


You could see an ancient lich, a revenant, a lich, a vampire knight, an eidolon,
an ancient champion, 2 flayed ghosts, a phantasmal warrior, a wraith and a
friendly cacodemon.

Vanquished Creatures
  4 ancient liches
  Saint Roka (Elf:2)
  2 Killer Klowns (Zig:3)
  A golden dragon (Vaults:5)
  The ghost of no0bjke the Warrior, a veteran GrFi of Okawaru (Vaults:5)
  A profane servitor (Crypt:3)
  2 bone dragons
  Nikola (Vaults:3)
  4 tentacled monstrosities
  3 titans
  7 liches
  A quicksilver dragon (Vaults:5)
  A deep elf blademaster (Elf:3)
  4 krakens
  2 deep elf master archers
  4 sphinxes
  4 tentacled starspawn
  A storm dragon (Vaults:5)
  5 ancient champions
  11 tengu reavers
  5 revenants
  2 shadow dragons
  4 frost giants
  Ilsuiw (Shoals:4)
  4 deep elf sorcerers
  A fire giant (Vaults:4)
  4 ghost moths
  2 iron dragons
  11 vault wardens
  Aizul (Elf:2)
  4 emperor scorpions
  3 deep elf elementalists (Elf:3)
  Louise (D:14)
  2 orc warlords
  14 ironheart preservers
  2 curse skulls
  A juggernaut zombie (Crypt:1)
  5 ghouls
  4 war gargoyles
  3 very ugly things
  An emperor scorpion (shapeshifter) (Vaults:5)
  9 stone giants
  A salamander stormcaller (Vaults:3)
  5 vampire knights
  8 deep elf demonologists
  9 deep elf annihilators
  4 spark wasps
  A dire elephant (Lair:8)
  9 merfolk impalers
  A crystal guardian (Vaults:3)
  3 eidola
  6 merfolk javelineers (Shoals:4)
  31 vault guards
  A quicksilver dragon zombie (Crypt:1)
  7 ettins
  3 deep elf high priests
  A fire dragon (D:14)
  19 jiangshi
  6 great orbs of eyes
  12 yaktaur captains
  4 deep elf death magi
  5 entropy weavers
  A rakshasa (Vaults:2)
  A hell beast (Lair:8)
  7 ice dragons
  3 catoblepae
  3 merfolk avatars
  9 hydras
  15 ogre magi
  2 alligator snapping turtles (Shoals:3)
  7 centaur warriors
  5 merfolk aquamancers
  8 death knights
  6 death yaks
  A deep troll shaman (Vaults:2)
  30 dancing weapons
  A deep troll earth mage (Vaults:2)
  A tengu warrior (D:15)
  An orc high priest (Orc:2)
  6 thrashing horrors
  A soul eater (Crypt:2)
  6 vampire magi
  24 deep elf knights
  7 wretched stars
  13 sea snakes
  A salamander mystic (Zig:2)
  3 fire crabs
  2 hell knights (Crypt:3)
  A spatial maelstrom (Abyss:3)
  31 skeletal warriors
  4 shadow wraiths
  A sea snake (shapeshifter) (Vaults:5)
  3 unseen horrors
  14 deep trolls
  A giant orange brain (Vaults:3)
  9 deep elf archers
  8 flayed ghosts
  A swamp dragon (Zig:1)
  3 wizards
  6 hill giants
  A lindwurm (Lair:6)
  An orange crystal statue (Zig:3)
  12 phantasmal warriors
  15 harpies
  11 orc knights
  A spectral wolf spider (Crypt:3)
  9 large abominations
  3 necromancers
  64 deep elf magi
  14 griffons
  A golden dragon skeleton (Abyss:3)
  23 orb spiders
  13 ironbrand convokers
  A wolf spider (shapeshifter) (Elf:3)
  12 hornets
  A spectral ettin (Crypt:3)
  20 ugly things
  3 salamanders (Vaults:3)
  5 cyclopes
  A frost giant zombie (Crypt:1)
  A fire giant zombie (Crypt:1)
  11 orc sorcerers
  5 manticores
  A moth of wrath (shapeshifter) (Vaults:5)
  An oklob plant (Lair:8)
  29 wolf spiders
  5 fauns
  Joseph (Lair:1)
  9 black mambas
  A salamander (shapeshifter) (D:15)
  2 worldbinders (Abyss:2)
  4 sirens
  9 elephants
  12 vault sentinels
  2 naga magi (Vaults:3)
  6 smoke demons
  2 moths of wrath
  8 water nymphs
  A rust devil (Abyss:2)
  2 drowned souls (Abyss:3)
  A black mamba (shapeshifter) (Vaults:5)
  A gargoyle (D:7)
  2 centaur zombies
  3 orange demons (Lair:8)
  A guardian serpent (shapeshifter) (Vaults:5)
  17 spiny frogs
  2 human zombies (Vaults:4)
  3 torpor snails
  8 freezing wraiths
  A spiny frog (shapeshifter) (Vaults:5)
  13 demonic crawlers
  2 rime drakes
  30 yaktaurs
  An efreet (D:13)
  A hellwing (Lair:8)
  6 komodo dragons
  3 ice devils (Lair:8)
  5 red devils (Lair:8)
  A swamp worm zombie (Crypt:2)
  2 tengu conjurers
  7 ancient zymes
  A queen bee (D:13)
  4 polar bears
  32 merfolk
  9 trolls
  44 jumping spiders
  7 raiju (Abyss:3)
  2 wind drakes
  2 bog bodies (Crypt:2)
  2 harpy skeletons (D:15)
  9 snapping turtles
  29 two-headed ogres
  12 boulder beetles
  A hydra skeleton (Crypt:1)
  17 blink frogs
  2 blink frogs (shapeshifter)
  28 slime creatures
  57 flying skulls
  A griffon skeleton (Crypt:1)
  Sigmund (D:6)
  69 redbacks
  A wyvern (shapeshifter) (Vaults:5)
  6 shadows
  27 tarantellas
  16 water elementals
  3 ynoxinuls (Abyss:2)
  A spriggan (shapeshifter) (Vaults:3)
  5 air elementals
  12 wraiths
  18 hippogriffs
  A wyvern (D:12)
  42 yaks
  5 basilisks
  A human (D:13)
  6 fire elementals
  2 human simulacra
  16 vampire mosquitoes
  2 chaos spawn
  Menkaure (D:6)
  3 hungry ghosts
  A monstrous demonspawn zombie (Crypt:2)
  5 wargs
  A soldier ant (D:7)
  2 mottled dragons
  10 water moccasins
  A merfolk skeleton (Crypt:1)
  A monstrous demonspawn skeleton (Crypt:2)
  An orb spider zombie (Crypt:1)
  17 porcupines
  4 sky beasts
  A swamp drake (Zig:1)
  Purgy (Sewer)
  46 orc warriors
  5 ice beasts
  3 phantoms
  A manticore zombie (Crypt:1)
  A snapping turtle zombie (Crypt:1)
  2 black bears
  27 starcursed masses (Abyss:3)
  67 ogres
  8 necrophages
  An eye of draining (D:12)
  2 wasps
  18 centaurs
  An elf simulacrum (Vaults:4)
  A wolf (Lair:8)
  17 big kobolds
  13 crocodiles
  4 earth elementals
  9 small abominations
  An ogre simulacrum (Vaults:1)
  17 giant frogs
  2 gnoll sergeants (D:9)
  A deep troll simulacrum (Vaults:2)
  7 scorpions
  Dowan (D:5)
  25 killer bees
  A snapping turtle simulacrum (Crypt:1)
  14 wights
  2 howler monkeys (D:7)
  A spriggan skeleton (Crypt:1)
  2 electric eels
  A giant frog zombie (D:6)
  6 crimson imps
  7 hounds
  3 quasits
  An iron imp (Abyss:2)
  2 jellies
  Crazy Yiuf (D:6)
  2 giant frog skeletons
  29 orc priests
  8 centaur skeletons
  A gnoll shaman (D:8)
  4 hell rats (Lair:7)
  26 orc wizards
  9 iguanas
  5 worker ants
  A lightning spire (Zig:9)
  A killer bee zombie (D:8)
  13 sheep
  A tengu skeleton (Crypt:2)
  A hound zombie (D:10)
  2 hound skeletons
  9 gnolls
  12 adders
  48 river rats
  8 shadow imps
  A white imp (Abyss:2)
  An ufetubus (D:13)
  An ooze (D:1)
  A halfling zombie (Crypt:2)
  An adder skeleton (D:5)
  An adder zombie (D:6)
  2 worms
  2 dart slugs
  7 giant geckos
  109 orcs
  6 giant cockroaches
  6 goblins
  3 hobgoblins
  5 jackals
  29 kobolds
  3 quokkas
  2 ball pythons
  15 bats
  A giant cockroach zombie (D:5)
  A giant gecko zombie (D:6)
  3 giant newts
  A kobold zombie (Crypt:2)
  2 quokka skeletons (D:7)
  8 rats
  2 crawling corpses (Vaults:5)
  9 fungi
  10 plants
  2 starspawn tentacles (Abyss:3)
  A starspawn tentacle segment (Abyss:3)
  10 tentacles
2247 creatures vanquished.

Vanquished Creatures (collateral kills)
  Norris (Vaults:3)
  Polyphemus (Shoals:2)
  Snorg (Lair:8)
  A vault guard (Vaults:5)
  A hydra (D:12)
  2 death yaks
  A shadow wraith (Crypt:3)
  A hill giant (D:12)
  2 harpies (Shoals:2)
  A griffon (Shoals:2)
  A spiny frog (Lair:8)
  A yaktaur (Vaults:3)
  A two-headed ogre (Vaults:3)
  2 yaks (D:12)
  A killer bee (D:12)
  A wight (D:13)
  An orc wizard (Orc:1)
  An orc (Orc:1)
21 creatures vanquished.

Vanquished Creatures (others)
  A deep elf master archer (Elf:3)
  A sphinx (Vaults:5)
  2 deep elf elementalists (Vaults:5)
  A yaktaur captain (Vaults:5)
  A centaur warrior (D:14)
  2 satyrs (Shoals:4)
  A dancing weapon (Elf:1)
  A deep troll (Vaults:2)
  3 deep elf archers
  A deep elf mage (Vaults:3)
  A wolf spider (Spider:1)
  4 fauns
  2 vault sentinels
  5 yaktaurs
  2 jumping spiders (Spider:1)
  A flying skull (Crypt:3)
  2 redbacks
  A water elemental (Shoals:1)
  A spatial vortex (Abyss:3)
  A tengu (shapeshifter) (Vaults:5)
  An ogre (Vaults:5)
  3 centaurs
  A small abomination (Abyss:2)
  A white imp (Abyss:2)
  A bush (Lair:8)
  31 fungi
  5 lost souls
  12 plants
  14 starspawn tentacles
  96 starspawn tentacle segments
  15 tentacles
  172 tentacle segments
  46 withered plants (Crypt:1)
432 creatures vanquished.

Grand Total: 2700 creatures vanquished

Notes
Turn   | Place    | Note
--------------------------------------------------------------
     0 | D:1      | manyhoops the Formicid Fighter began the quest for the Orb.
     0 | D:1      | Reached XP level 1. HP: 18/18 MP: 1/1
   114 | D:1      | Reached XP level 2. HP: 24/24 MP: 2/2
   395 | D:1      | Reached XP level 3. HP: 27/30 MP: 3/3
   595 | D:1      | Gained mutation: You are clumsy. (Dex -2) [potion of mutation]
   595 | D:1      | Gained mutation: You are partially covered in slimy green scales (AC +2). [potion of mutation]
   745 | D:2      | Found a bloodstained altar of Trog.
   774 | D:2      | Found a shadowy altar of Dithmenos.
   946 | D:2      | Found a shattered altar of Ashenzari.
   960 | D:2      | Reached XP level 4. HP: 37/37 MP: 4/4
  1254 | D:3      | Reached skill level 4 in Fighting
  1381 | D:3      | Reached XP level 5. HP: 33/42 MP: 5/5
  1695 | D:4      | Noticed an ogre
  1705 | D:4      | Killed an ogre
  1705 | D:4      | Reached skill level 5 in Shields
  1705 | D:4      | Reached XP level 6. HP: 27/49 MP: 6/6
  1757 | D:4      | Noticed Eustachio
  2188 | D:4      | Found a glowing golden altar of the Shining One.
  2233 | D:4      | Reached XP level 7. HP: 44/55 MP: 7/7
  2296 | D:4      | Reached skill level 5 in Armour
  2299 | D:4      | Reached skill level 5 in Fighting
  2300 | D:4      | Found a burning altar of Makhleb.
  2348 | D:4      | Became a worshipper of Makhleb the Destroyer
  2829 | D:5      | Entered Level 5 of the Dungeon
  2884 | D:5      | Reached XP level 8. HP: 62/63 MP: 8/8
  2895 | D:5      | Found an oddly glowing altar of Pakellas.
  2895 | D:5      | Found Pakellas's Prime Provisions.
  2955 | D:5      | Found a glowing drain.
  2970 | Sewer    | Entered a sewer
  3004 | Sewer    | Noticed Purgy
  3023 | Sewer    | Killed Purgy
  3150 | D:5      | Reached * piety under Makhleb
  3173 | D:5      | Found a bloodstained altar of Trog.
  3304 | D:5      | Reached skill level 5 in Axes
  3413 | D:5      | Reached skill level 6 in Fighting
  3430 | D:5      | Noticed Dowan
  3431 | D:5      | Noticed Duvessa
  3473 | D:5      | Killed Dowan
  4148 | D:5      | Reached XP level 9. HP: 59/69 MP: 9/9
  4284 | D:5      | Found a white marble altar of Elyvilon.
  4717 | D:6      | Reached ** piety under Makhleb
  4722 | D:6      | Noticed Menkaure
  4742 | D:6      | Killed Menkaure
  5239 | D:6      | Found a deep blue altar of Sif Muna.
  5260 | D:6      | Found an opulent altar of Gozag.
  5260 | D:6      | Found a glowing silver altar of Zin.
  5366 | D:6      | Found a sparkling altar of Nemelex Xobeh.
  5505 | D:6      | Noticed Sigmund
  5518 | D:6      | Killed Sigmund
  5713 | D:6      | Noticed Crazy Yiuf
  5719 | D:6      | Killed Crazy Yiuf
  5719 | D:6      | Reached skill level 7 in Fighting
  5791 | D:7      | Noticed a gargoyle
  5938 | D:8      | You fall through a shaft for 3 floors!
  5942 | D:11     | Noticed a hill giant
  5978 | D:10     | Entered Level 10 of the Dungeon
  6287 | D:10     | Reached XP level 10. HP: 79/79 MP: 10/10
  6343 | D:10     | Reached skill level 10 in Shields
  6725 | D:9      | Found a staircase to the Lair.
  6731 | D:9      | Reached *** piety under Makhleb
  6765 | D:9      | Reached skill level 8 in Fighting
  6783 | D:9      | Found a blossoming altar of Fedhas.
  7143 | D:8      | Found an ancient bone altar of Kikubaaqudgha.
  7337 | D:8      | Reached **** piety under Makhleb
  7562 | D:8      | Reached XP level 11. HP: 87/87 MP: 11/11
  7660 | D:8      | Reached ***** piety under Makhleb
  8447 | D:9      | Found a staircase to the Orcish Mines.
  8458 | Orc:1    | Entered Level 1 of the Orcish Mines
  9150 | D:7      | Found a sacrificial altar of Ru.
  9341 | D:7      | Found an iron altar of Okawaru.
  9394 | D:7      | Found a staircase to the Ecumenical Temple.
  9851 | D:10     | Noticed a hill giant
  9888 | D:10     | Killed a hill giant
  9998 | D:10     | Reached skill level 15 in Shields
  9998 | D:10     | Reached XP level 12. HP: 73/94 MP: 12/12
 10397 | D:11     | You fall through a shaft for 3 floors!
 10415 | D:14     | Noticed a centaur warrior
 10441 | D:13     | Reached skill level 1 in Invocations
 10573 | D:13     | Reached skill level 9 in Fighting
 10725 | D:13     | Noticed a vault guard
 11048 | D:12     | Noticed an eight-headed hydra
 11101 | D:11     | Reached ****** piety under Makhleb
 11301 | D:11     | Noticed an unseen horror
 11319 | D:11     | Killed an unseen horror
 11514 | D:12     | Reached skill level 10 in Axes
 11520 | D:12     | Noticed a four-headed hydra
 11537 | D:12     | Killed a four-headed hydra
 11537 | D:12     | Reached skill level 10 in Fighting
 11677 | D:12     | Reached skill level 5 in Invocations
 11871 | D:12     | Reached XP level 13. HP: 59/103 MP: 16/16
 11876 | D:12     | Killed a nine-headed hydra
 12041 | D:12     | Found Rochoi's Jewellery Shop.
 12187 | D:12     | Found a portal to a secret trove of treasure.
 12504 | Lair:1   | Entered Level 1 of the Lair of Beasts
 12516 | Lair:1   | Identified the Tome of Icy Unholy Rituals
 12677 | D:12     | Bought an uncursed ring of poison resistance for 260 gold pieces
 12912 | Lair:1   | Noticed a seven-headed hydra
 12930 | Lair:1   | Killed a seven-headed hydra
 13048 | Lair:1   | Noticed Joseph
 13060 | Lair:1   | Killed Joseph
 13992 | Lair:2   | Reached skill level 10 in Armour
 14164 | Lair:2   | Reached skill level 11 in Fighting
 14610 | Lair:2   | Noticed a seven-headed hydra
 14623 | Lair:2   | Killed a seven-headed hydra
 15356 | Lair:3   | Found a staircase to the Shoals.
 15726 | Lair:4   | Noticed an eight-headed hydra
 15860 | Lair:4   | Killed an eight-headed hydra
 16041 | Lair:4   | Reached XP level 14. HP: 113/113 MP: 19/19
 16050 | Lair:4   | Found a hole to the Spider Nest.
 16180 | Lair:4   | Got a scorched plate armour
 16191 | Lair:4   | Identified the cursed +0 plate armour of Listlessness {rN+ rCorr Int-3} (You found it on level 4 of the Lair of Beasts)
 17837 | Lair:6   | Reached skill level 12 in Fighting
 19157 | Lair:7   | Found a staircase to the Slime Pits.
 19239 | Lair:8   | Entered Level 8 of the Lair of Beasts
 19644 | Lair:8   | Reached XP level 15. HP: 70/122 MP: 21/21
 19676 | Lair:8   | Noticed Snorg
 19855 | Lair:8   | Killed Snorg
 20644 | Lair:8   | Got a polished quarterstaff
 20646 | Lair:8   | Identified the cursed +3 quarterstaff "String" {flame, Int+5} (You found it on level 8 of the Lair of Beasts)
 20943 | Lair:8   | Reached skill level 15 in Axes
 20954 | Lair:8   | Found a burning altar of Makhleb.
 21093 | Lair:8   | Reached skill level 13 in Fighting
 21284 | Lair:8   | Found a gateway to Hell.
 22300 | D:13     | You fall through a shaft for 2 floors!
 22300 | D:15     | Entered Level 15 of the Dungeon
 22805 | D:14     | Noticed Louise
 22806 | D:14     | Cast into level 2 of the Abyss (Louise)
 23220 | Abyss:2  | Noticed a tentacled starspawn
 23250 | Abyss:2  | Noticed an ancient lich
 23287 | Abyss:2  | Noticed a balrug
 23291 | Abyss:2  | Noticed an Ice Fiend
 23295 | Abyss:2  | Killed an ancient lich
 23295 | Abyss:2  | Reached XP level 16. HP: 84/130 MP: 22/22
 23299 | D:14     | Escaped the Abyss
 23494 | D:13     | Found a gate to the Vaults.
 24220 | D:14     | Killed Louise
 24851 | D:15     | Found Xoal Asoiz's Magic Scroll Shop.
 24856 | D:15     | Bought a scroll of enchant armour for 105 gold pieces
 24856 | D:15     | Bought a scroll of identify for 28 gold pieces
 24856 | D:15     | Bought a scroll of enchant armour for 105 gold pieces
 25017 | D:15     | Found a staircase to the Depths.
 26590 | Orc:2    | Entered Level 2 of the Orcish Mines
 26840 | Orc:2    | Found Juina's Gadget Emporium.
 26846 | Orc:2    | Found Pecreech's General Store.
 26851 | Orc:2    | Reached XP level 17. HP: 136/136 MP: 23/23
 26852 | Orc:2    | Found Gygufet's Antique Armour Shoppe.
 26877 | Orc:2    | Found Koaqy's Jewellery Shoppe.
 26887 | Orc:2    | Bought the +9 plate armour "Jeokk" {rElec rN++ Regen+ Dex-3} for 862 gold pieces
 26889 | Orc:2    | Bought the ring "Xooqiy" {+Fly rPois rN+ Dex+2} for 375 gold pieces
 26904 | Orc:2    | Bought a translucent chain mail for 275 gold pieces
 26914 | Orc:2    | Identified the +4 chain mail of the Equator {Int+3} (You bought it in a shop on level 2 of the Orcish Mines)
 26957 | Orc:2    | Found a roughly hewn altar of Beogh.
 27041 | Orc:2    | Found a staircase to the Elven Halls.
 27448 | Spider:1 | Entered Level 1 of the Spider Nest
 29161 | Spider:2 | You fall through a shaft!
 29763 | Spider:4 | Entered Level 4 of the Spider Nest
 29990 | Spider:4 | Reached XP level 18. HP: 143/144 MP: 24/24
 30367 | Spider:4 | Reached skill level 15 in Armour
 31074 | Spider:4 | Got a gossamer rune of Zot
 31499 | Vaults:1 | Entered Level 1 of the Vaults
 31999 | Vaults:1 | Found Dunidd's Antique Weapon Shop.
 32228 | Vaults:1 | Reached XP level 19. HP: 150/150 MP: 25/25
 33406 | Vaults:2 | Reached skill level 14 in Fighting
 33800 | Vaults:2 | Reached skill level 15 in Fighting
 34434 | Vaults:3 | Noticed Norris
 34450 | Vaults:3 | Killed Norris
 34455 | Vaults:3 | Noticed Nikola
 34469 | Vaults:3 | Killed Nikola
 34612 | Vaults:3 | Reached XP level 20. HP: 164/164 MP: 26/26
 34766 | Vaults:3 | Reached skill level 16 in Fighting
 34768 | Vaults:3 | Found a staircase to the Crypt.
 35231 | Vaults:3 | Got a crude hat
 35239 | Vaults:3 | Found a radiant altar of Vehumet.
 35239 | Vaults:3 | Noticed a lich
 35248 | Vaults:3 | Killed a lich
 35674 | Vaults:3 | Reached skill level 17 in Fighting
 36406 | Vaults:4 | Reached skill level 10 in Invocations
 36426 | Vaults:4 | Found Xeil's Assorted Antiques.
 36654 | Vaults:4 | Reached skill level 18 in Fighting
 36664 | Vaults:4 | Reached XP level 21. HP: 177/177 MP: 28/28
 37086 | Crypt:1  | Entered Level 1 of the Crypt
 37585 | Crypt:1  | Noticed a lich
 37602 | Crypt:1  | Killed a lich
 37895 | Crypt:1  | Got a coiled jade ring
 37897 | Crypt:1  | Identified the ring "Holeps" {Wiz Str+5 Dex+3} (You found it on level 1 of the Crypt)
 37967 | Crypt:2  | Identified a scroll of acquirement
 37999 | Crypt:2  | Reached skill level 19 in Fighting
 38993 | Crypt:2  | Got a pair of distressingly furry boots
 39004 | Crypt:2  | Identified the cursed +0 pair of boots "Yreta" {+Blink +Inv Int+5} (You found it on level 2 of the Crypt)
 39153 | Crypt:3  | Entered Level 3 of the Crypt
 39367 | Crypt:3  | Reached skill level 20 in Fighting
 39385 | Crypt:3  | Found a basalt altar of Yredelemnul.
 39421 | Crypt:3  | Reached XP level 22. HP: 190/190 MP: 30/30
 39733 | Crypt:3  | Got a bloodstained shield
 39746 | Crypt:3  | Identified the +4 shield of the Catfish {-Tele rElec Int+3} (You acquired it on level 3 of the Crypt)
 39787 | Crypt:3  | Noticed a bone dragon
 39794 | Crypt:3  | Noticed a profane servitor
 39819 | Crypt:3  | Killed a profane servitor
 39823 | Crypt:3  | Killed a bone dragon
 39888 | Crypt:3  | Got a serpentine turquoise ring
 39890 | Crypt:3  | Identified the ring "Osaqi" {Ice rN++ MR+ Int+4 Dex-5} (You found it on level 3 of the Crypt)
 39934 | Crypt:3  | Noticed an ancient lich
 39952 | Crypt:3  | Killed an ancient lich
 39968 | Crypt:3  | Found a staircase to the Tomb.
 40075 | Crypt:3  | Reached skill level 21 in Fighting
 40826 | Shoals:1 | Entered Level 1 of the Shoals
 40996 | Shoals:4 | Entered Level 4 of the Shoals
 41005 | Shoals:4 | Noticed Ilsuiw
 41126 | Shoals:4 | Killed Ilsuiw
 41489 | Shoals:4 | Reached XP level 23. HP: 197/202 MP: 33/33
 41513 | Shoals:4 | Got a barnacled rune of Zot
 41957 | Shoals:4 | Reached skill level 22 in Fighting
 43032 | Shoals:2 | Noticed Polyphemus
 43062 | Shoals:2 | Killed Polyphemus
 43895 | Shoals:1 | Found Aomegon's Alliterative Accessories.
 44889 | D:12     | Bought an uncursed ring of protection from fire for 325 gold pieces
 45057 | Elf:1    | Entered Level 1 of the Elven Halls
 45652 | Elf:1    | Found Ofuleluxea's Armour Shoppe.
 45981 | Elf:2    | Found Requang's Armour Shop.
 46017 | Elf:2    | Bought the cursed +0 pair of boots of Lilacs {rCorr Str+4} for 292 gold pieces
 46057 | Elf:2    | Reached skill level 23 in Fighting
 46109 | Elf:2    | Noticed Aizul
 46174 | Elf:2    | Killed Aizul
 46284 | Elf:2    | Reached XP level 24. HP: 214/214 MP: 33/33
 46479 | Elf:2    | Found a runed gate.
 46479 | Elf:2    | Found a runed gate.
 46479 | Elf:2    | Found a runed gate.
 46516 | Elf:2    | Noticed Saint Roka
 46642 | Elf:2    | Killed Saint Roka
 47131 | Elf:3    | Entered Level 3 of the Elven Halls
 47201 | Elf:3    | Found a deep blue altar of Sif Muna.
 47948 | Elf:3    | Reached skill level 24 in Fighting
 47985 | Elf:3    | Got a glittering glass ring
 48190 | Elf:3    | Identified the Almanac of Transformation and Hexes
 48278 | Elf:3    | Identified the ring of Trepidation {rC+ Dex+2} (You took it off a deep elf high priest on level 3 of the Elven Halls)
 48319 | Elf:3    | Got a heavily runed buckler
 48330 | Elf:3    | Identified the +3 buckler of Ru's Benevolence {rF+ Str+4} (You found it on level 3 of the Elven Halls)
 48668 | Shoals:1 | Bought a manual of Axes for 1766 gold pieces
 49081 | Vaults:5 | Entered Level 5 of the Vaults
 49086 | Vaults:5 | Gained mutation: Scrolls take you a little longer to read. [a cacodemon]
 49147 | Vaults:5 | Reached XP level 25. HP: 226/226 MP: 33/33
 49148 | Vaults:5 | Cast into level 2 of the Abyss (long sword of distortion)
 49148 | Abyss:2  | Found a corrupted altar of Lugonu.
 49647 | Abyss:3  | Reached skill level 25 in Fighting
 49700 | Abyss:3  | Got an abyssal rune of Zot
 49799 | Vaults:5 | Escaped the Abyss
 49857 | Vaults:5 | Noticed no0bjke's ghost (veteran GrFi)
 49872 | Vaults:5 | Noticed an ancient lich
 49874 | Vaults:5 | Reached skill level 26 in Fighting
 49890 | Vaults:4 | HP: 10/230 [iron dragon (8)]
 50009 | Vaults:5 | Reached XP level 26. HP: 191/240 MP: 33/33
 50123 | Vaults:5 | Killed an ancient lich
 50237 | Vaults:5 | Noticed an ancient lich
 50254 | Vaults:5 | Killed an ancient lich
 50299 | Vaults:5 | Killed no0bjke's ghost
 50299 | Vaults:5 | Reached skill level 27 in Fighting
 50538 | Vaults:5 | Got a silver rune of Zot
 50686 | Vaults:5 | Got a turquoise-encrusted plate armour
 50689 | Vaults:5 | Identified the +1 plate armour "Asmeraar" {Str+3} (You found it on level 5 of the Vaults)
 50922 | Vaults:5 | Identified Sif Muna's Almanac of Evil Magic and Transmigration (You found it on level 5 of the Vaults)
 51414 | Depths:1 | Entered Level 1 of the Depths
 51564 | Depths:1 | Found a gateway to a ziggurat.
 51625 | Zig:1    | Entered Level 1 of a ziggurat
 51657 | Zig:2    | Entered Level 2 of a ziggurat
 51686 | Zig:3    | Entered Level 3 of a ziggurat
 51689 | Zig:3    | Noticed a Killer Klown
 51689 | Zig:3    | Noticed a Killer Klown
 51707 | Zig:3    | Killed a Killer Klown
 51718 | Zig:3    | Killed a Killer Klown
 51734 | Zig:4    | Entered Level 4 of a ziggurat
 51764 | Zig:4    | Identified Kius's Collected Works on Supportive Aid
 51776 | Zig:5    | Entered Level 5 of a ziggurat
 51837 | Zig:5    | Reached skill level 5 in Evocations
 51837 | Zig:5    | Reached XP level 27. HP: 249/249 MP: 33/33
 51839 | Zig:6    | Entered Level 6 of a ziggurat
 51876 | Zig:6    | Got a warped copper amulet
 51879 | Zig:6    | Identified the amulet of Seteesm {Dismiss rN+ MR+ Int-4} (You found it on level 6 of a ziggurat)
 51898 | Zig:6    | Identified the Almanac of Unstable Poisoning
 51914 | Zig:7    | Entered Level 7 of a ziggurat
 51946 | Zig:7    | Got a smoking steel ring
 51950 | Zig:7    | Identified the ring of Siarainil {+Fly Int+5} (You found it on level 7 of a ziggurat)
 51969 | Zig:8    | Entered Level 8 of a ziggurat
 52041 | Zig:9    | Entered Level 9 of a ziggurat
 52049 | Zig:9    | Noticed an ancient lich
 52066 | Zig:9    | Killed from afar by an ancient lich

Skill      XL: |  1  2  3  4  5  6  7  8  9 10 11 12 13 14 15 16 17 18 19 20 21 22 23 24 25 26 27 |
---------------+----------------------------------------------------------------------------------+-----
Shields        | 4 5 6 7 9 11 15 16 | 16.2
Armour         | 4 5 6 7 8 9 10 11 13 17 18 19 20 21 | 21.9
Fighting       | 4 5 6 7 8 10 11 12 13 15 18 20 21 23 24 26 27 | 27.0
Axes           | 3 4 5 6 7 8 10 11 14 16 18 20 21 22 | 22.0
Invocations    | 5 7 8 10 11 13 14 | 14.4
Evocations     | 5 |  5.4

Action                   |  1- 3 |  4- 6 |  7- 9 | 10-12 | 13-15 | 16-18 | 19-21 | 22-24 | 25-27 || total
-------------------------+-------+-------+-------+-------+-------+-------+-------+-------+-------++-------
Melee: War axe           |    93 |   178 |    32 |       |       |       |       |       |       ||   303
       Hand axe          |       |       |   507 |       |       |       |       |       |       ||   507
       Battleaxe         |       |       |    21 |   785 |  1338 |  1561 |  1471 |  1606 |   638 ||  7420
       Flail             |       |       |       |    12 |    54 |     8 |       |       |       ||    74
       Executioner's axe |       |       |       |       |       |       |       |    49 |   130 ||   179
Invok: Greater Servant o |       |       |       |     1 |     2 |     1 |       |     7 |     2 ||    13
       Lesser Servant of |       |       |       |       |     5 |     2 |     3 |     3 |       ||    13
       Major Destruction |       |       |       |       |     2 |     1 |       |     4 |       ||     7
 Abil: Dig               |       |       |     3 |     4 |     3 |     1 |       |     7 |       ||    18
       Shaft Self        |       |       |     1 |       |     1 |       |       |       |       ||     2
       Evoke Flight      |       |       |       |       |       |       |       |     5 |       ||     5
Evoke: Wand              |       |       |       |     4 |       |     3 |       |       |     2 ||     9
       Phantom mirror    |       |       |       |     1 |       |       |       |       |       ||     1
  Use: Scroll            |     4 |       |     6 |    13 |    12 |    11 |    10 |     8 |     6 ||    70
       Potion            |     1 |     1 |     5 |     1 |     1 |     1 |       |     2 |     6 ||    18
 Stab: Confused          |       |       |       |     2 |       |       |       |       |       ||     2
       Distracted        |       |       |       |     1 |     1 |     1 |     2 |     2 |     2 ||     9
       Petrified         |       |       |       |       |     1 |       |       |       |       ||     1
       Held in net/web   |       |       |       |       |       |       |     1 |       |       ||     1
  Eat: Chunk             |       |     3 |     7 |    20 |    47 |    32 |     9 |     7 |     2 ||   127
       Bread ration      |       |     1 |       |       |       |       |       |     2 |     1 ||     4
       Fruit             |       |       |     3 |       |       |       |       |       |       ||     3
       Pizza             |       |       |     1 |     1 |       |       |       |       |     1 ||     3
       Meat ration       |       |       |     1 |     1 |     1 |       |     2 |     4 |     1 ||    10
       Beef jerky        |       |       |       |       |       |       |     1 |       |       ||     1
Armor: Scale mail        |    49 |    85 |    71 |       |       |       |       |       |       ||   205
       Chain mail        |       |       |   116 |   168 |       |       |       |       |       ||   284
       Plate armour      |       |       |       |   275 |   771 |   768 |   327 |   520 |   404 ||  3065
Dodge: Dodged            |    37 |    68 |   167 |   277 |   316 |   291 |   132 |   180 |   165 ||  1633
Block: Shield            |    47 |    83 |   271 |   700 |   549 |       |       |       |       ||  1650
       Large shield      |       |       |       |       |   844 |  1851 |  1255 |  1691 |  1017 ||  6658
       Reflection        |       |       |       |       |     2 |    29 |    66 |   153 |    23 ||   273
